 Dungeon Crawl Stone Soup version 0.31-a0-233-g139696dc86 (webtiles) character file.

Game seed: 1196500763360304744

23 qw the Shooter (level 2, 0/24 HPs)
             Began as a Minotaur Hexslinger on July 7, 2023.
             Slain by a cerulean imp
             ... wielding a +3 spear
             ... summoned by Natasha
              (3 damage)
             ... on level 2 of the Dungeon.
             The game lasted 00:00:16 (607 turns).

qw the Shooter (Minotaur Hexslinger)                 Turns: 607, Time: 00:00:16

Health: 0/24       AC:  2    Str: 12    XL:     2   Next: 72%
Magic:  2/2        EV: 12    Int: 10    God:
Gold:   61         SH:  0    Dex: 12    Spells: 2/3 levels left

rFire   . . .        Y - +1 sling
rCold   . . .        (no shield)
rNeg    . . .        c - +0 robe
rPois   .            (helmet restricted)
rElec   .            (no cloak)
rCorr   .            (no gloves)
SInv    .            (no boots)
Will    .....        e - amulet of faith
Stlth   +            (no ring)
HPRegen 0.24/turn    (no ring)
MPRegen 0.08/turn

%: faith
@: slowed, very slow
A: horns 2, retaliatory headbutt
a: no special abilities


You were on level 2 of the Dungeon.
You visited 1 branch of the dungeon, and saw 2 of its levels.

You collected 61 gold pieces.


Innate Abilities, Weirdness & Mutations

You have a pair of horns on your head.
You reflexively headbutt those who attack you in melee.


   Skills:
 - Level 2.0 Fighting
 + Level 3.3 Ranged Weapons
 - Level 2.1 Dodging
 - Level 1.0 Spellcasting
 - Level 2.0 Hexes


You had 2 spell levels left.
You knew the following spells:

 Your Spells              Type           Power      Damage    Failure   Level
a - Slow                  Hex            16%        N/A       16%         1

Your spell library contained the following spells:

 Spells                   Type           Power      Damage    Failure   Level
 Inner Flame              Hex/Fire       2%         N/A       56%         3
 Portal Projectile        Hex/Tloc       4%         N/A       56%         3
 Cause Fear               Hex            2%         N/A       83%         4

Inventory:

Hand Weapons
 Y - a +1 sling (weapon)
Armour
 c - a +0 robe (worn)
Jewellery
 a - an amulet of the acrobat
 e - an amulet of faith (around neck)
Potions
 f - a potion of enlightenment {unknown}
 g - a potion of heal wounds {unknown}
 h - 2 potions of curing

Dungeon Overview and Level Annotations

Branches:
Dungeon (2/15)

Altars:

Annotations:
D:2 Natasha


Message History

You feel yourself slow down. The rat bites you.
You shoot a sling bullet. The sling bullet hits the rat!
You kill the rat!
Natasha mewls in sadness.
The rat barely misses you.
You shoot a sling bullet.
The sling bullet completely misses the rat.
The rat barely misses you. You furiously retaliate!
You headbutt the rat.
You kill the rat!
Natasha closely misses you.
You shoot a sling bullet.
The sling bullet closely misses Natasha.
Natasha casts a spell at you. The magic dart hits you.
You shoot a sling bullet. The sling bullet barely misses Natasha.
Natasha claws you. Natasha closely misses you.
You shoot a sling bullet.
The sling bullet closely misses Natasha.
Natasha claws you but does no damage. Natasha claws you.
You shoot a sling bullet. The sling bullet hits Natasha.
Natasha is heavily wounded.
Natasha barely misses you. Natasha claws you.
You shoot a sling bullet. The sling bullet hits Natasha.
Natasha is heavily wounded.
Natasha claws you.
Natasha wildly gestures.
Natasha glows brightly for a moment.
Natasha closely misses you.
You shoot a sling bullet. The sling bullet hits Natasha.
Natasha is severely wounded.
Natasha mumbles some strange words.
Natasha closely misses you.
You shoot a sling bullet.
The sling bullet completely misses Natasha.
Natasha closely misses you. The cerulean imp closely misses you.
Natasha claws you.
You shoot a sling bullet. The sling bullet hits Natasha.
Natasha is almost dead.
The cerulean imp hits you from afar with a +3 spear.
You die...

##### ##. ##.[. ....
... .?..> #.#5.....
####@h...#
#...#%##.# ..
#.#####.###... #.. #
#.......# ##.......#
#######.#####.###.#.
#.....# . ...
#####.# ##.#
#.#####.# ...
#.......#


You could see Natasha and a cerulean imp (summoned).

Vanquished Creatures
  A dart slug (D:1)
  3 bats
  An endoplasm (D:1)
  A giant cockroach (D:2)
  A quokka (D:2)
  3 ball pythons (D:1)
  A frilled lizard (D:1)
  2 goblins (D:1)
  2 kobolds (D:1)
  8 rats
23 creatures vanquished.

Notes
Turn   | Place    | Note
-------+----------+-------------------------------------------
     0 | D:1      | qw the Minotaur Hexslinger began the quest for the Orb.
     0 | D:1      | Reached XP level 1. HP: 16/16 MP: 1/1
     0 | D:1      | 0 ||| qw: Version: 0.3-a-46-gb1f654a
     0 | D:1      | 0 ||| qw: Game counter: 3309
     0 | D:1      | 0 ||| qw: Melee chars always use a shield: true
     0 | D:1      | 0 ||| qw: God list: Okawaru
     0 | D:1      | 0 ||| qw: Allow faded altars: false
     0 | D:1      | 0 ||| qw: Do Orc after clearing Dungeon:15 true
     0 | D:1      | 0 ||| qw: Do second Lair branch before Depths: true
     0 | D:1      | 0 ||| qw: Lair rune preference: random
     0 | D:1      | 0 ||| qw: Goals: Normal
     0 | D:1      | 0 ||| PLANNING D:1-11
   182 | D:1      | Reached skill level 3 in Ranged Weapons
   182 | D:1      | Reached XP level 2. HP: 23/23 MP: 2/2
   525 | D:1      | 525 ||| UPGRADING to amulet of faith.
   530 | D:1      | 530 ||| READING scroll labelled EKKOG DISTIUT.
   531 | D:1      | 531 ||| DRINKING 3 puce potions.
   532 | D:1      | 532 ||| DROPPING scroll of poison.
   596 | D:2      | Noticed Natasha
   606 | D:2      | HP: 3/24 [Natasha (5)]
   607 | D:2      | Slain by a cerulean imp

Levels and vault maps discovered:
D:1:      eino_arrival_druids_welcome, layout_rooms
D:2:      layout_basic, kennysheep_generic_room_6, uniq_natasha

Skill      XL: |  1  2 |
---------------+-------+-----
Ranged Weapons | 3 |  3.3
Fighting       | 2 |  2.0
Dodging        | |  2.1
Spellcasting   | |  1.0
Hexes          | |  2.0

Action                     || total
---------------------------++-------
   Fire: Sling             ||    62
    Use: Scroll            ||     1
         Potion            ||     1
 Armour: Robe              ||     5
  Dodge: Dodged            ||    19

Table legend:
 A = Non-vault XP
 B = Vault XP
 C = Vault XP percentage of total XP
 D = Non-vault monster count
 E = Vault monster count
 F = Vault count percentage of total count
                 A         B        C        D         E       F
            +---------+---------+-------+---------+---------+-------
      Total |      33 |       0 |   0.0 |      23 |       0 |   0.0
            +---------+---------+-------+---------+---------+-------
        D:1 |      25 |       0 |   0.0 |      18 |       0 |   0.0
        D:2 |       8 |       0 |   0.0 |       5 |       0 |   0.0
            +---------+---------+-------+---------+---------+-------
